[Event "Early-Titled-Tuesday-Blitz-June-18-2024"]
[Site "Chess.com"]
[Date "2024.06.18"]
[Round "1"]
[White "drdaro"]
[Black "DontMessWithTheFish"]
[Result "0-1"]
[WhiteElo "2318"]
[BlackElo "2647"]
[TimeControl "180+1"]
[EndTime "8:07:21 PDT"]
[Termination "DontMessWithTheFish won on time"]

1. Nf3 b6 2. g3 Bb7 3. Bg2 g6 4. O-O Bg7 5. Re1 c5 6. e4 d6 7.
c3 Nd7 8. d4 Rc8 9. Na3 e6 10.
d5 e5 11. Nc4 Ndf6 12. a4 Ne7 13. Bg5 h6 14. Be3 O-O 15. Nfd2 Qd7 16. h3 g5 17. Kh2 Ng6 18. Rg1 Nh7 19. Qe2 Ba6 20.
b3 Qe7 21. Bf3 Kh8 22. Bg4 Rce8 23. Bf5 Bc8 24. Qh5 Nf6 25. Qf3 Rg8 26. Qe2 Nf8 27.
Raf1 Bxf5 28. exf5 Nxd5 29. Ne4 Rd8 30. Qf3 Nf6 31.
Nxf6 Qxf6 32. Qd5 Qxf5 33. f4 Qe6 34. Qd2 exf4 35. gxf4 d5 36. Ne5 Bxe5 37. fxe5 Qxe5+ 38. Kh1 Ng6 39. b4 d4 40. cxd4 cxd4 0-1

[Event "Early-Titled-Tuesday-Blitz-June-18-2024"]
[Site "Chess.com"]
[Date "2024.06.18"]
[Round "1"]
[White "Nadtkins"]
[Black "MikeSailer"]
[Result "1-0"]
[WhiteElo "2563"]
[BlackElo "2059"]
[TimeControl "180+1"]
[EndTime "8:07:21 PDT"]
[Termination "Nadtkins won on time"]

1. e4 d5 2. exd5 Qxd5 3. Nf3 Nc6 4. Be2 Bg4 5. h3 Bh5 6. d4 Nf6 7. c4 Qa5+ 8. Bd2 Qf5 9. g4 Bxg4 10. hxg4 Nxg4 11. Be3 O-O-O 12. Nc3 e5 13. d5 Nb4 14.
Rc1 Nxe3 15. fxe3 e4 16. Nd4 Qg6 17. a3 Nd3+ 18. Kd2 Nxc1 19. Bg4+ Kb8 20. Kxc1 Bc5 21. Rg1 Bxd4 22. exd4 e3 23. Be2 Qh6 24. c5 f5 25.
Bf3 g5 26. d6 cxd6 27. Qb3 Rd7 28. c6 Rc7 29. Nb5 Rhc8 30. Nxc7 Rxc7 31. Kb1 a6 32. Rc1 g4 33. Bd5 f4 34. cxb7 f3 35.
Rxc7 1-0

[Event "Early-Titled-Tuesday-Blitz-June-18-2024"]
[Site "Chess.com"]
[Date "2024.06.18"]
[Round "1"]
[White "northridgehawk"]
[Black "Nicolik"]
[Result "0-1"]
[WhiteElo "2339"]
[BlackElo "2655"]
[TimeControl "180+1"]
[EndTime "8:07:22 PDT"]
[Termination "Nicolik won by resignation"]

1. e4 c5 2. Nf3 Nc6 3. d4 cxd4 4. Nxd4 Nf6 5. Nc3 e6 6. Ndb5 Bc5 7. Nd6+ Ke7 8. Bf4 e5 9. Nf5+ Kf8 10. Bg5 d6 11. Ne3 h6 12. Bxf6 Qxf6 13. Ncd5 Qd8 14.
Bc4 a6 15. a4 g6 16. O-O Kg7 17.
c3 f5 18. exf5 gxf5 19. b4 Ba7 20. Qh5 Qg5 21. Qxg5+ hxg5 22. Nc7 Rb8 23. Ne6+ Bxe6 24. Bxe6 Bxe3 25. fxe3 f4 26. exf4 gxf4 27. Rad1 Rbd8 28.
Bd5 Rd7 29. Rfe1 Rhd8 30. a5 Ne7 31. Bf3 Ng6 32. Rd3 Kf6 33. Red1 Ke7 34. Be4 Nf8 35. c4 Ne6 36. Bf5 Rc7 37. Bxe6 Kxe6 38. c5 d5 39. Kf2 d4 40. Kf3 Kd5 41. Re1 Rg8 42. Rd2 Rcg7 43. Rde2 Rg5 44. Re4 d3 45. Rd1 Rg3+ 46. hxg3 Rxg3+ 47. Kf2 Kxe4 48. b5 axb5 49. c6 bxc6 50. a6 Rg8 51. a7 Ra8 52. Rc1 Rxa7 53. Rxc6 Ra2+ 54.
Kf1 Ke3 55. Rc1 e4 56. g3 Rf2+ 57. Kg1 fxg3 58. Re1+ Re2 59. Rf1 d2 60. Rd1 Re1+ 61. Kg2 Rxd1 0-1

[Event "Early-Titled-Tuesday-Blitz-June-18-2024"]
[Site "Chess.com"]
[Date "2024.06.18"]
[Round "1"]
[White "LuisFSiles"]
[Black "Journey_to_GrandMaster_YT"]
[Result "0-1"]
[WhiteElo "2327"]
[BlackElo "2650"]
[TimeControl "180+1"]
[EndTime "8:07:23 PDT"]
[Termination "Journey_to_GrandMaster_YT won on time"]

1. e4 d6 2. Nc3 Nf6 3. f4 c5 4.
Bb5+ Bd7 5. Bxd7+ Qxd7 6. Nf3 Nc6 7. d3 g6 8. O-O Bg7 9. Qe1 O-O 10. Qh4 Nd4 11. Nxd4 cxd4 12. Ne2 Rac8 13. c4 dxc3 14. Nxc3 Qg4 15. Qf2 Nh5 16. Be3 Bxc3 17. bxc3 Rxc3 18. Rad1 b6 19. Bd4 Rc7 20. Rc1 Rfc8 21. Rxc7 Rxc7 22. Ba1 f6 23. Qd2 e5 24. fxe5 dxe5 25. Rc1 Qc8 26.
Rc4 Rxc4 27. dxc4 Qc5+ 28. Kh1 Qxc4 29. Qd8+ Kg7 30. Qe7+ Kh6 31. Qf8+ Kg5 32. h4+ Kxh4 33. Qh6 Qf1+ 34. Kh2 Qxa1 35. Qe3 Qf1 36. Qh3+ Kg5 0-1

[Event "Early-Titled-Tuesday-Blitz-June-18-2024"]
[Site "Chess.com"]
[Date "2024.06.18"]
[Round "1"]
[White "Chernov_Alexander_A"]
[Black "profedechess93"]
[Result "1/2-1/2"]
[WhiteElo "2281"]
[BlackElo "2614"]
[TimeControl "180+1"]
[EndTime "8:07:23 PDT"]
[Termination "Game drawn by repetition"]

1. d4 d5 2. Nc3 Nf6 3. Bg5 Ne4 4.
Nxe4 dxe4 5. c3 Qd5 6. Bh4 c5 7. e3 cxd4 8. exd4 Nc6 9. Qb3 Qxb3 10. axb3 Bf5 11. Bb5 e6 12. Ne2 Bd6 13. Bg3 Be7 14. O-O h5 15. h3 h4 16. Bh2 O-O 17.
b4 Rfc8 18. Ra2 a6 19. Rfa1 Na7 20. Ba4 Kh7 21. b5 a5 22. b6 Nc6 23. Bc7 Nb8 24. Bb5 Bd8 25. Bxd8 Rxd8 26. c4 Nd7 27. c5 e5 28.
Bxd7 Rxd7 29. dxe5 Rd2 30. Nc3 e3 31. fxe3 Rad8 32. Rxa5 Rxb2 33. R5a2 Rb3 34. Ra3 Rb2 35. R1a2 Rb4 36. Ra4 Rb3 37. R4a3 Rb4 38. Ra4 Rb3 39. R4a3 Rb4 1/2-1/2

[Event "Early-Titled-Tuesday-Blitz-June-18-2024"]
[Site "Chess.com"]
[Date "2024.06.18"]
[Round "1"]
[White "ilovejokes555"]
[Black "masnyszachistaaa"]
[Result "0-1"]
[WhiteElo "2177"]
[BlackElo "2578"]
[TimeControl "180+1"]
[EndTime "8:07:23 PDT"]
[Termination "masnyszachistaaa won by resignation"]

1. e4 e6 2. d4 d5 3. Nd2 c5 4. exd5 Qxd5 5. Ngf3 cxd4 6. Bc4 Qd8 7.
O-O Nc6 8. Nb3 a6 9. Nbxd4 Nxd4 10. Nxd4 Qc7 11. Bb3 Bd6 12. h3 Ne7 13. Re1 O-O 14. c3 b5 15. Be3 Bb7 16. Qg4 Ng6 17. Rad1 Rad8 18. h4 Ne5 19. Qe2 Nc4 20. Bxc4 bxc4 21. Qg4 Be5 22. h5 Bf6 23. h6 g6 24. Bg5 Qe7 25.
Bc1 Rfe8 26. Nf5 exf5 27. Rxe7 fxg4 28. Rxd8 Rxd8 29. Rxb7 Rd1+ 30. Kh2 Be5+ 31. g3 Rxc1 32. Re7 Bd6 33. Re8+ Bf8 34. Ra8 Rc2 35. Kg2 Rxb2 36. Rxa6 Bxh6 37. Ra8+ Kg7 38. Rc8 Rxa2 39. Rxc4 Rc2 40.
Rc6 Be3 41. c4 Bxf2 42. Kh1 Bxg3 43. Ra6 Rxc4 44. Ra7 Be5 45. Kg2 h5 46. Rb7 h4 47.
Re7 Rc2+ 48. Kf1 Bf6 49. Re4 g3 50. Kg1 h3 51. Re1 h2+ 52. Kh1 Be5 53. Rg1 hxg1=Q+ 54. Kxg1 f5 0-1

[Event "Early-Titled-Tuesday-Blitz-June-18-2024"]
[Site "Chess.com"]
[Date "2024.06.18"]
[Round "1"]
[White "Pelusiansky"]
[Black "Grebnev_A"]
[Result "1-0"]
[WhiteElo "2417"]
[BlackElo "2704"]
[TimeControl "180+1"]
[EndTime "8:07:25 PDT"]
[Termination "Pelusiansky won by checkmate"]

1. c4 e5 2. Nc3 Nf6 3. e3 Nc6 4. a3 a5 5. Qc2 Be7 6. Nf3 O-O 7.
h4 h6 8. d3 d5 9. cxd5 Nxd5 10. Bd2 Be6 11. Be2 f5 12. Na4 Qd6 13. Rc1 Rad8 14.
Nc5 Bc8 15. h5 Kh8 16. g3 Nb6 17. b4 axb4 18. axb4 f4 19. gxf4 exf4 20. e4 Bf6 21. Bc3 Nd4 22. Nxd4 Bxd4 23. Bxd4 Qxd4 24. Qc3 f3 25.
Qxd4 Rxd4 26. Bd1 Rxb4 27. Kd2 Na8 28. Ke3 b6 29. Ra1 Bg4 30. Nb3 c5 31. Ra7 c4 32.
Nd2 c3 33. Rg1 Be6 34. Rgxg7 Bg8 35. Nxf3 Rb1 36. Ne5 Rf6 37. Ng6+ Rxg6 38. Rxg6 Bh7 39. Rxa8+ Bg8 40. Raxg8+ Kh7 41. R6g7# 1-0

[Event "Early-Titled-Tuesday-Blitz-June-18-2024"]
[Site "Chess.com"]
[Date "2024.06.18"]
[Round "1"]
[White "SuperPower2011"]
[Black "Weifd"]
[Result "1-0"]
[WhiteElo "2714"]
[BlackElo "2396"]
[TimeControl "180+1"]
[EndTime "8:07:25 PDT"]
[Termination "SuperPower2011 won on time"]

1. e4 c5 2. Nf3 e6 3. d4 cxd4 4.
Qxd4 Nc6 5. Qd3 Nf6 6. Bg5 Be7 7. c3 O-O 8. Nbd2 d5 9. e5 Nd7 10. Bf4 g5 11. Nxg5 Bxg5 12. Qg3 Kh8 13. Bxg5 Qb6 14. Bd3 Qxb2 15. Qh4 f5 16. exf6 Rf7 17. O-O Qxc3 18. Bg6 Nde5 19. Bxf7 Nxf7 20. Nf3 Bd7 21. Rac1 Qd3 22.
Bf4 Rg8 23. Bg3 Qf5 24. Nd4 Qg6 25. Rfe1 e5 26. Nxc6 Bxc6 27. f3 d4 28. Rcd1 Re8 29. Rd2 Qf5 30. h3 Ng5 31. Qg4 Qxg4 32. fxg4 Ne4 33. f7 Nxd2 34. Bxe5+ 1-0

[Event "Early-Titled-Tuesday-Blitz-June-18-2024"]
[Site "Chess.com"]
[Date "2024.06.18"]
[Round "1"]
[White "jk13"]
[Black "Defenstrator"]
[Result "0-1"]
[WhiteElo "2684"]
[BlackElo "2401"]
[TimeControl "180+1"]
[EndTime "8:07:25 PDT"]
[Termination "Defenstrator won on time"]

1. e4 e6 2. d3 d6 3. d4 d5 4.
e5 Bd7 5. Nf3 c5 6. Bd3 cxd4 7.
O-O Nc6 8. Re1 Nge7 9. Bf4 Ng6 10. Bg3 f5 11. h4 Bb4 12. Nbd2 O-O 13. h5 Nh8 14. a3 Ba5 15. b4 Bc7 16. Nb3 Nf7 17. Bxf5 exf5 18. e6 Bxg3 19. exf7+ Rxf7 20. fxg3 f4 21. gxf4 Rxf4 22. Nfxd4 Qg5 23. Ne6 Bxe6 24. Rxe6 Raf8 25. Re2 Qxh5 26. Rd2 Qh4 27. Qe1 Qg5 28. Qe6+ Kh8 29. Qxd5 Qg3 30. Qd3 Rf3 31. Qe4 Ne5 32.
Re1 R3f5 33. Qe3 Nf3+ 34. Kf1 Nh2+ 35. Ke2 Re5 0-1

[Event "Early-Titled-Tuesday-Blitz-June-18-2024"]
[Site "Chess.com"]
[Date "2024.06.18"]
[Round "1"]
[White "KINGOF2SOAP"]
[Black "AljoschaFeuerstack"]
[Result "0-1"]
[WhiteElo "2359"]
[BlackElo "2667"]
[TimeControl "180+1"]
[EndTime "8:07:26 PDT"]
[Termination "AljoschaFeuerstack won by checkmate"]

1. d4 d5 2. Nf3 Nf6 3. e3 g6 4.
Nbd2 Bg7 5. b3 O-O 6. Bb2 Bf5 7. Be2 a5 8. a4 Ne4 9. O-O c5 10. h3 Nc6 11. Nxe4 dxe4 12. Nh4 cxd4 13. Nxf5 gxf5 14. exd4 Bxd4 15. Bxd4 Qxd4 16. Qc1 Qe5 17. f4 Qc5+ 18. Kh1 Rad8 19. Qe1 Qxc2 20. Rg1 Kh8 21. Bh5 Qxb3 22.
Qh4 Qe6 23. Rab1 Rd7 24. g4 e3 25. gxf5 Qe4+ 26. Rg2 Qxb1+ 27. Kh2 Rd2 28. Be2 Qxf5 29.
Qg3 Qg6 30. Qf3 Qe6 31. Qg3 Qf6 32. Qxe3 Rdd8 33. Qg3 Rg8 34. Qf3 Rxg2+ 35. Qxg2 Qxf4+ 36. Kh1 Qc1+ 37. Kh2 Qf4+ 38. Kh1 Rg8 39. Qh2 Qe4+ 40. Bf3 Qxf3+ 41. Qg2 Qxg2# 0-1

[Event "Early-Titled-Tuesday-Blitz-June-18-2024"]
[Site "Chess.com"]
[Date "2024.06.18"]
[Round "1"]
[White "JosefineHeinemann"]
[Black "alexrustemov"]
[Result "1/2-1/2"]
[WhiteElo "2501"]
[BlackElo "2857"]
[TimeControl "180+1"]
[EndTime "8:07:27 PDT"]
[Termination "Game drawn by repetition"]

1. e4 e6 2. d4 d5 3. Nd2 dxe4 4. Nxe4 Bd7 5. Nf3 Bc6 6. Bd3 Nd7 7. O-O Ngf6 8.
Ned2 Be7 9. Re1 O-O 10. Nc4 Bd5 11. Nce5 c5 12. c4 Bxf3 13. Qxf3 cxd4 14. Qxb7 Qa5 15. Bf4 Rab8 16. Qf3 Rxb2 17. Qh3 g6 18. Nxd7 Nxd7 19. Bh6 Rxa2 20. Rxa2 Qxe1+ 21. Bf1 Rb8 22. Rxa7 Rb1 23. Qd3 Bf8 24. Bd2 Nc5 25. Bxe1 Nxd3 26. Bd2 Kg7 27. g3 Rb2 28. Bg5 Nxf2 29. h4 h6 30. Bf4 Ng4 31. Bh3 Rb1+ 32. Kg2 Ne3+ 33. Kf3 Nxc4 34.
Bxe6 Rb3+ 35. Kg2 Ne3+ 36. Bxe3 Rxe3 37. Rxf7+ Kg8 38. Rf6+ Kg7 39. Rf7+ Kg8 40. Rf6+ Kg7 41. Rf7+ 1/2-1/2

[Event "Early-Titled-Tuesday-Blitz-June-18-2024"]
[Site "Chess.com"]
[Date "2024.06.18"]
[Round "1"]
[White "amylazy"]
[Black "Rodalquilar"]
[Result "0-1"]
[WhiteElo "2454"]
[BlackElo "2792"]
[TimeControl "180+1"]
[EndTime "8:07:27 PDT"]
[Termination "Rodalquilar won on time"]

1. d4 d5 2. c4 e6 3. Nf3 Nf6 4. g3 Be7 5. Bg2 O-O 6. O-O dxc4 7. a4 Nc6 8. e3 Rb8 9. Qc2 Na5 10. Nbd2 b6 11.
Nxc4 Nxc4 12. Qxc4 Bb7 13. Qe2 c5 14. Rd1 Qc8 15. Bd2 Bc6 16. Rdc1 Qb7 17. Ne1 Bxg2 18. Nxg2 cxd4 19. exd4 Rbd8 20. Be3 Nd5 21. Nf4 Bf6 22. Qf3 Rd7 23. Nh5 Rfd8 24. Qg4 g6 25. Nxf6+ Nxf6 26. Qh4 Qf3 27. Bg5 Ng4 28. Bxd8 Qxf2+ 29. Kh1 Ne3 30. Qe4 Rxd4 31. Qa8 Kg7 32. Be7 Kh6 33. Bf8+ Kh5 34.
Re1 Rd2 35. g4+ Kh4 0-1

[Event "Early-Titled-Tuesday-Blitz-June-18-2024"]
[Site "Chess.com"]
[Date "2024.06.18"]
[Round "1"]
[White "randy296"]
[Black "Bilan_Danila"]
[Result "0-1"]
[WhiteElo "2089"]
[BlackElo "2566"]
[TimeControl "180+1"]
[EndTime "8:07:27 PDT"]
[Termination "Bilan_Danila won by resignation"]

1. b3 d5 2. Bb2 Nf6 3. e3 c5 4. Nf3 Nc6 5. d4 cxd4 6. Nxd4 g6 7. Be2 Bg7 8. O-O O-O 9. Nd2 Re8 10. N2f3 Qc7 11. Qd2 Ne4 12. Qc1 Nxd4 13. Nxd4 Nc3 14.
Qd2 Nxe2+ 15. Qxe2 e5 16. Nf3 Bg4 17. h3 Bf5 18. c4 dxc4 19. bxc4 Rac8 20. Rac1 Red8 21. Rfd1 Be4 22. Ng5 Bc6 23. Rxd8+ Rxd8 24. Rd1 h6 25. Nf3 Rxd1+ 26. Qxd1 Bxf3 27. Qxf3 Qxc4 28. Qxb7 Qxa2 29.
Qb8+ Kh7 30. Bxe5 Bxe5 31. Qxe5 a5 32. h4 h5 33. Qf4 a4 34. g4 hxg4 35. Qxg4 Qb1+ 36.
Kg2 a3 37. Qc4 Qb7+ 38. Kg3 Qb8+ 39. Kg2 Qa8+ 40. Kg3 Kg8 41. Qa2 Qa5 42. f3 Qe5+ 43. Kg4 Qxe3 44. f4 Qe6+ 45. Kg3 Qxa2 0-1

[Event "Early-Titled-Tuesday-Blitz-June-18-2024"]
[Site "Chess.com"]
[Date "2024.06.18"]
[Round "1"]
[White "pinelone"]
[Black "BardArtem"]
[Result "0-1"]
[WhiteElo "2481"]
[BlackElo "2840"]
[TimeControl "180+1"]
[EndTime "8:07:28 PDT"]
[Termination "BardArtem won on time"]

1. Nf3 d5 2. d4 Nf6 3. c4 e6 4. g3 Bd6 5. Bg2 O-O 6. O-O h6 7. Nbd2 b6 8. b3 Bb7 9. Bb2 Nbd7 10. Rc1 Re8 11. Ne5 Qc8 12. cxd5 exd5 13. Bh3 Qd8 14.
Nc6 Bxc6 15. Rxc6 Nf8 16. Nf3 Ne6 17. Rc2 Ng5 18. Bg2 Nxf3+ 19. exf3 Qd7 20. Re1 Rxe1+ 21. Qxe1 a5 22. a4 Bb4 23. Qd1 Re8 24. Re2 Nh7 25. Bf1 Nf8 26. Re3 c6 27. Bd3 Ne6 28. Bf5 Qd8 29.
Qe2 Nc7 30. Rxe8+ Nxe8 31. Qe5 Nd6 32. Bd3 Kf8 33. Kg2 Qe7 34. f4 f6 35. Qxe7+ Kxe7 36. Kf3 Ne8 37. g4 Nc7 38. f5 Bd6 39. h3 Kd7 40. Ke2 Bf4 41. Bc3 Bd6 42. Bd2 Bb4 43. Bf4 Ne8 44. Kf3 Bc3 45. Ke3 Bb2 46. Bc2 Bc1+ 47.
Kf3 Bxf4 48. Kxf4 Kd6 49. h4 c5 50. g5 hxg5+ 51. hxg5 cxd4 52. Bd3 Kc5 53. g6 Kb4 54.
Bb5 Nd6 0-1

[Event "Early-Titled-Tuesday-Blitz-June-18-2024"]
[Site "Chess.com"]
[Date "2024.06.18"]
[Round "1"]
[White "rubicapa"]
[Black "GothamChess"]
[Result "0-1"]
[WhiteElo "2450"]
[BlackElo "2787"]
[TimeControl "180+1"]
[EndTime "8:07:28 PDT"]
[Termination "GothamChess won on time"]

1. c4 g6 2. Nc3 Bg7 3. e4 d6 4. d4 Nc6 5. Nf3 Bg4 6. Be3 Bxf3 7.
gxf3 e5 8. d5 Nd4 9. f4 c5 10.
dxc6 bxc6 11. Bg2 Ne7 12. h4 h5 13. Bxd4 exd4 14. Ne2 Qb6 15. Qd2 Rb8 16. Rb1 O-O 17. f5 Qc5 18. b3 gxf5 19. Ng3 fxe4 20. Nxe4 Qe5 21. Kf1 Ng6 22. Ng5 Rbc8 23. Re1 Qf4 24.
Qe2 Rce8 25. Qxe8 Rxe8 26. Rxe8+ Bf8 27. Bxc6 d3 28. Re3 Bg7 29. Bd5 Ne5 30. Rg1 d2 31. Ke2 Ng4 32. Nf3 Nxe3 33. fxe3 d1=Q+ 34. Kxd1 Qxe3 35. Rg2 Kf8 36. Re2 Qd3+ 37. Ke1 Bc3+ 38. Kf2 Bd4+ 39. Kf1 Qd1+ 40. Re1 Qd3+ 41. Re2 Be5 0-1

[Event "Early-Titled-Tuesday-Blitz-June-18-2024"]
[Site "Chess.com"]
[Date "2024.06.18"]
[Round "1"]
[White "BirdMaster3000"]
[Black "sansanathalia"]
[Result "1-0"]
[WhiteElo "2773"]
[BlackElo "2437"]
[TimeControl "180+1"]
[EndTime "8:07:28 PDT"]
[Termination "BirdMaster3000 won by resignation"]

1. f4 Nf6 2. Nf3 e6 3. c4 d5 4. d4 Be7 5. Nc3 O-O 6. e3 b6 7. Be2 Bb7 8. cxd5 exd5 9. O-O Nbd7 10. Ne5 c5 11. Bd3 Ne4 12. Qf3 f5 13. Qh3 Nxe5 14.
fxe5 Qd7 15. Nxe4 dxe4 16. Bc4+ Bd5 17. Be2 cxd4 18. exd4 Be6 19. Be3 Rac8 20. Qg3 Rc2 21. Rf2 Rxb2 22. Rd1 Bd5 23. a4 Qxa4 24. Rdf1 Rxe2 25.
Bh6 Rf7 26. Rxe2 Bc4 27. Ref2 Bxf1 28. e6 g6 29. exf7+ Kxf7 30. Rxf1 Qxd4+ 31. Be3 Qd3 32. Qh3 Kg8 33. Rc1 Qd7 34. Qg3 Bd6 35. Rd1 Bxg3 36. Rxd7 Be5 37. Rxa7 f4 38. Bxb6 e3 39. Re7 Bc3 40.
Re4 g5 41. h4 h6 42. hxg5 hxg5 43. g3 Bd2 44. gxf4 gxf4 45. Kg2 Kh7 46. Kf3 Kg6 47. Bc7 Kg7 48. Bxf4 1-0

[Event "Early-Titled-Tuesday-Blitz-June-18-2024"]
[Site "Chess.com"]
[Date "2024.06.18"]
[Round "1"]
[White "Boundless_Strike"]
[Black "NinoMaisuradze"]
[Result "1-0"]
[WhiteElo "2667"]
[BlackElo "2359"]
[TimeControl "180+1"]
[EndTime "8:07:31 PDT"]
[Termination "Boundless_Strike won by checkmate"]

1. d4 d5 2. e4 dxe4 3. Nc3 Nf6 4. f3 Bf5 5. fxe4 Nxe4 6. Qf3 Nxc3 7. bxc3 Qc8 8. Bd3 Bxd3 9. cxd3 Nc6 10. Nh3 Qd7 11.
O-O f6 12. d5 Ne5 13. Qe4 O-O-O 14. Nf4 c6 15. c4 cxd5 16. cxd5 Kb8 17. Ne6 Rc8 18.
Bf4 Ka8 19. Bxe5 fxe5 20. Rac1 Rg8 21. Qa4 b5 22. Rxc8+ Qxc8 23. Qxb5 g5 24. d6 exd6 25. Rb1 a6 26. Qb6 Rg7 27. Nxg7 Bxg7 28. Qxd6 e4 29. Qd5+ Ka7 30. Qf7+ Ka8 31. Qxg7 Qc5+ 32. Kh1 Qc8 33. Qd4 exd3 34. Qxd3 h6 35. Qd5+ Ka7 36. Qd4+ Ka8 37.
h3 h5 38. Rd1 Kb7 39. Qd7+ Qxd7 40. Rxd7+ Kc6 41. Rh7 g4 42. Rxh5 g3 43. Rg5 a5 44.
Rxg3 a4 45. Rg4 Kb5 46. h4 a3 47. h5 Kc5 48. h6 Kb5 49. h7 Kc5 50. h8=Q Kb5 51.
Qh5+ Kc6 52. Rg6+ Kd7 53. Qh7+ Ke8 54. Rg8# 1-0

[Event "Early-Titled-Tuesday-Blitz-June-18-2024"]
[Site "Chess.com"]
[Date "2024.06.18"]
[Round "1"]
[White "ChessFanNM"]
[Black "hellokostya"]
[Result "0-1"]
[WhiteElo "2302"]
[BlackElo "2633"]
[TimeControl "180+1"]
[EndTime "8:07:31 PDT"]
[Termination "hellokostya won on time"]

1. Nf3 Nf6 2. c4 g6 3. Nc3 Bg7 4. e4 d6 5. d4 O-O 6. Be2 e5 7. O-O h6 8. dxe5 dxe5 9. Qxd8 Rxd8 10. Nd5 Na6 11. Nxf6+ Bxf6 12. Bxh6 Be6 13. Bg5 Kg7 14.
Rfd1 Nc5 15. Bxf6+ Kxf6 16. Ne1 Nxe4 17. Bf3 Nd2 18.
Bxb7 Rab8 19. Bd5 Bxd5 20. Rxd2 Bxc4 21. Rc2 Be6 22. b3 Rd7 23. Rac1 Rb7 24. Kf1 Bf5 25. Rc6+ Ke7 26. Nf3 f6 27. Ke2 Be4 28. R6c5 c6 29.
Ke3 Bd5 30. Nd2 Ke6 31. f3 Rh7 32. h3 Rb5 33. R1c3 Rhb7 34. Rxb5 cxb5 35. Rc8 Kd7 36. Rf8 Ke7 37. Rc8 a5 38. Kd3 a4 39. Rc5 Kd6 40.
Rc8 Kd7 41. Rc5 Be6 42. Kc3 b4+ 43. Kd3 Kd6 44. Rc1 Bf5+ 45. Ke3 Be6 46. Kd3 Ra7 47. Nc4+ Ke7 48. Nb6 axb3 49. axb3 Ra2 50. Rc2 Bxb3 0-1

[Event "Early-Titled-Tuesday-Blitz-June-18-2024"]
[Site "Chess.com"]
[Date "2024.06.18"]
[Round "1"]
[White "koncheto"]
[Black "salomez"]
[Result "0-1"]
[WhiteElo "2645"]
[BlackElo "2368"]
[TimeControl "180+1"]
[EndTime "8:07:32 PDT"]
[Termination "salomez won by resignation"]

1. e4 c5 2. Nf3 Nc6 3. d4 cxd4 4. Nxd4 Nf6 5. f3 e5 6. Nb3 d5 7. Bg5 dxe4 8. Qxd8+ Nxd8 9. Nc3 Bb4 10. Bxf6 Bxc3+ 11. bxc3 gxf6 12. fxe4 Bd7 13. O-O-O Rc8 14. Kb2 Bc6 15. Bd3 Ne6 16. Rhf1 Ke7 17. Rf2 Rhg8 18. Rdf1 Rg6 19. g3 b6 20. Re1 Bb7 21. Bf1 Nc5 22. Bd3 Na4+ 23. Ka1 Nxc3 24. Nd2 Rc5 25. Nf3 Rg8 26. Nh4 Bc8 27. Ref1 Be6 28. Rxf6 Ra5 29. Kb2 Rc8 30. Rh6 Rxa2+ 31. Kc1 Ne2+ 32. Kd2 Nd4 33. Nf5+ Bxf5 34. exf5 Nxc2 35. Rxh7 Nb4+ 36. Ke3 Rc3 37. Rd1 Raa3 38. Ke4 Nxd3 39. g4 Nf2+ 40. Kxe5 Nxd1 41. g5 Rc5+ 42. Kf4 Ra4+ 43. Kg3 Rc3+ 44. Kg2 Ra2+ 45. Kh1 Ne3 0-1

[Event "Early-Titled-Tuesday-Blitz-June-18-2024"]
[Site "Chess.com"]
[Date "2024.06.18"]
[Round "1"]
[White "atbenina64"]
[Black "betta2004"]
[Result "1-0"]
[WhiteElo "2828"]
[BlackElo "2471"]
[TimeControl "180+1"]
[EndTime "8:07:33 PDT"]
[Termination "atbenina64 won by checkmate"]

1. c4 b6 2. Nc3 Bb7 3. e4 c5 4. Nf3 Nc6 5. d4 cxd4 6. Nxd4 d6 7. Be3 Nf6 8. f3 e6 9. Be2 Qd7 10. Qd2 Be7 11. O-O O-O 12. Rfd1 Rfd8 13. Rac1 Rac8 14. b3 Bf8 15. Bf1 g6 16. Nxc6 Bxc6 17. Bg5 Bg7 18. Kh1 Qb7 19. Nb5 Bxb5 20. cxb5 Rd7 21. Rc4 d5 22.
Bxf6 Bxf6 23. Rxc8+ Qxc8 24. Bc4 d4 25. f4 Bg7 26. f5 exf5 27. exf5 Qc5 28. Rf1 Rd6 29. fxg6 hxg6 30. Rxf7 Kh7 31. Qd3 Qg5 32. Rf3 Rf6 33. h3 Rxf3 34. Qxf3 Qe3 35. Qd1 g5 36. Qh5+ Bh6 37.
Qf7+ Bg7 38. Qf5+ Kh6 39. Qb1 g4 40. hxg4 Be5 41. Bg8 Qg3 42. Qh7+ Kg5 43. Qf5+ Kh6 44. g5+ Qxg5 45. Qh7# 1-0

[Event "Early-Titled-Tuesday-Blitz-June-18-2024"]
[Site "Chess.com"]
[Date "2024.06.18"]
[Round "1"]
[White "Zurability"]
[Black "DeyanKostov"]
[Result "1-0"]
[WhiteElo "2784"]
[BlackElo "2449"]
[TimeControl "180+1"]
[EndTime "8:07:33 PDT"]
[Termination "Zurability won by resignation"]

1. e4 c5 2. Nf3 e6 3. c3 Nc6 4.
Bb5 d5 5. exd5 Qxd5 6. O-O a6 7. Ba4 b5 8. Bb3 c4 9. Bc2 Bb7 10. d3 Ne5 11. dxc4 Nxf3+ 12. Qxf3 Qxf3 13. gxf3 Nf6 14. cxb5 axb5 15. Nd2 Be7 16. Ne4 Nd5 17. a3 O-O 18.
Bd2 Nb6 19. Bc1 f5 20. Ng5 Bxg5 21. Bxg5 Nc4 22. Rfe1 Kf7 23. Bc1 Bxf3 24. b3 Nb6 25. Bd3 Bc6 26. Bb2 Nd5 27. c4 Nf4 28. Bf1 bxc4 29.
Bxc4 Rfd8 30. Rad1 g5 31. a4 h5 32. Be5 h4 33. Bxf4 gxf4 34. Rxd8 Rxd8 35. Rxe6 Bd5 36. Bxd5 Rxd5 37. Re1 Rd3 38. Rb1 Ke7 39. a5 Kd7 40. b4 Kc7 41. b5 Kb7 42. a6+ Kb6 43. Ra1 Rd7 44. a7 Rxa7 45. Rxa7 Kxa7 46. Kg2 Kb6 47. Kf3 Kxb5 48. Kxf4 Kc5 49. Kxf5 Kd4 50.
Kg4 Ke4 51. Kxh4 Kf3 52. Kg5 Kxf2 53. h4 1-0

[Event "Early-Titled-Tuesday-Blitz-June-18-2024"]
[Site "Chess.com"]
[Date "2024.06.18"]
[Round "1"]
[White "Caterpiller35"]
[Black "the_chess_child"]
[Result "0-1"]
[WhiteElo "2494"]
[BlackElo "2872"]
[TimeControl "180+1"]
[EndTime "8:07:34 PDT"]
[Termination "the_chess_child won on time"]

1. d4 Nf6 2. Bg5 g6 3. Bxf6 exf6 4. e3 d5 5. g3 Bd6 6. Bg2 c6 7. Ne2 O-O 8. O-O h5 9. Nd2 h4 10. c4 dxc4 11. Nxc4 Bc7 12. b4 Be6 13. Qc2 Nd7 14. Rab1 Nb6 15. Na5 Rb8 16. Rfc1 Nd5 17. Nc4 Kg7 18.
b5 cxb5 19. Rxb5 a6 20. Rc5 b6 21. Rc6 Nb4 22. Qa4 Nxc6 23. Qxc6 b5 24. Nd2 Bb6 25. Nb3 Qd7 26. Qf3 Rfc8 27. Rxc8 Rxc8 28. Nf4 h3 29. Bf1 Bg4 30. Qe4 Bf5 31. Qf3 Qc6 32. d5 Qc2 33. Nd4 Bxd4 34. exd4 Qd2 35. g4 Bd7 36. Bxh3 Rc1+ 37.
Kg2 Rc3 38. Qe4 Rc4 39. Nxg6 Rc2 40. Qf4 fxg6 0-1

[Event "Early-Titled-Tuesday-Blitz-June-18-2024"]
[Site "Chess.com"]
[Date "2024.06.18"]
[Round "1"]
[White "EddieUrquhart"]
[Black "Ranindu2003"]
[Result "1-0"]
[WhiteElo "2425"]
[BlackElo "2709"]
[TimeControl "180+1"]
[EndTime "8:07:34 PDT"]
[Termination "EddieUrquhart won by resignation"]

1. e4 c5 2. Nc3 e6 3. d4 cxd4 4. Qxd4 Nc6 5. Qd3 Nf6 6. Bf4 Bb4 7. O-O-O O-O 8. f3 h6 9. Kb1 e5 10. Be3 d6 11. Nge2 Be6 12. g4 Qa5 13. g5 Bxc3 14. Nxc3 Nb4 15. Qb5 Qxb5 16. Bxb5 hxg5 17. Bxg5 a6 18.
Ba4 Rfd8 19. Rhg1 Kf8 20. Bb3 Rac8 21. Nd5 Nbxd5 22. Bxd5 Bxd5 23. exd5 Rc5 24. Bxf6 gxf6 25. h4 Rdc8 26. c3 Rc4 27. Rg4 Rxg4 28. fxg4 Rc4 29. Rg1 Rf4 30. Rg2 Ke7 31. Kc2 f5 32. gxf5 Rxh4 33.
Rg8 Rf4 34. Rb8 Rxf5 35. Rxb7+ Kd8 36. Ra7 Rf4 37. Rxa6 Kc7 38. b4 f5 39. a4 Rh4 40.
Ra7+ Kb8 41. Rd7 Rh6 42. b5 Kc8 43. Rf7 f4 44. a5 Kd8 45. a6 Ke8 46. Rc7 Rh1 47.
b6 Kd8 48. Rf7 Ra1 49. a7 f3 50. a8=Q+ Rxa8 51. Rf8+ Ke7 52. Rxa8 e4 53. b7 e3 54. b8=Q e2 1-0